 Dungeon Crawl Stone Soup version 0.22.1-2-g9c5b331383 (webtiles) character file.

60 McIrco the Ducker (level 3, 0/24 HPs)
             Began as a Vampire Enchanter on Jan 5, 2019.
             Slain by a sky beast (6 damage)
             ... on level 2 of the Dungeon.
             The game lasted 00:02:37 (1589 turns).

McIrco the Ducker (Vampire Enchanter)               Turns: 1589, Time: 00:02:38

Health: 0/24       AC:  3    Str:  7    XL:     3   Next: 80%
Magic:  1/6        EV: 15    Int: 17    God:
Gold:   112        SH:  0    Dex: 15    Spells: 3/6 levels left

rFire    . . .     SeeInvis +   a - +1 dagger
rCold    + . .     Gourm    .   (no shield)
rNeg     + + .     Faith    .   b - +0 robe
rPois    +         Spirit   .   (no helmet)
rElec    .         Reflect  .   (no cloak)
rCorr    .         Harm     .   (no gloves)
MR       .....                  o - +0 pair of boots
Stlth    ++++......             (no amulet)
HPRegen  0.04/turn              (no ring)
MPRegen  0.10/turn              (no ring)

@: regenerating slowly
A: fangs 3, see invisible, unbreathing
a: Bat Form


You were on level 2 of the Dungeon.
You were near bloodless.

You visited 1 branch of the dungeon, and saw 2 of its levels.

You collected 112 gold pieces.

Inventory:

Hand Weapons
 a - a +1 dagger (weapon)
Armour
 b - a +0 robe (worn)
 o - a +0 pair of boots (worn)
Scrolls
 g - a scroll of enchant armour {unknown}
 i - 2 scrolls of remove curse {unknown}
 j - 3 scrolls of identify {unknown}
 k - a scroll of enchant weapon {unknown}
 l - 2 scrolls of amnesia {unknown}
 n - a scroll of teleportation {unknown}
 p - a scroll of magic mapping {unknown}
Potions
 c - 3 potions of curing {unknown}
 d - 4 potions of blood
 e - a potion of heal wounds {unknown}
 f - a potion of lignification {unknown}
 h - a potion of brilliance {unknown}
 m - a potion of berserk rage {unknown}


   Skills:
 - Level 1.1 Short Blades
 + Level 4.6 Dodging
 - Level 4.4 Stealth
 - Level 2.0 Spellcasting
 - Level 4.4 Hexes


You had 3 spell levels left.
You knew the following spells:

 Your Spells              Type           Power        Failure   Level  Hunger
a - Corona                Hex            ###....      3%          1    #......
b - Ensorcelled Hibernat  Hex/Ice        #.....       12%         2    ###....

Your spell library contained the following spells:

 Spells                   Type           Power        Failure   Level  Hunger
 Confuse                  Hex            ###.....     10%         3    ###....
 Tukima's Dance           Hex            ###.....     10%         3    ###....
 Dazzling Spray           Conj/Hex       #.....       24%         3    ###....


Dungeon Overview and Level Annotations

Branches:
Dungeon (2/15)

Altars:
Dithmenos
Nemelex Xobeh


Innate Abilities, Weirdness & Mutations

You heal slowly.
You have razor-sharp teeth.
You have supernaturally acute eyesight. (SInv)
You can survive without breathing.


Message History

The sky beast hits you but does no damage.
You hit the sky beast.
The sky beast is heavily wounded.
The sky beast barely misses you.
You hit the sky beast.
The sky beast is heavily wounded.
The sky beast hits you but does no damage.
Unknown command.
You closely miss the sky beast.
The sky beast is heavily wounded.
The sky beast hits you. The sky beast shocks you.
You barely miss the sky beast.
The sky beast is heavily wounded.
The sky beast hits you. The sky beast shocks you.
You barely miss the sky beast.
The sky beast is heavily wounded.
The sky beast hits you.
* * * LOW HITPOINT WARNING * * *
The sky beast shocks you.
You die...

.....##.###..##....
#..##.......##....
#..###.##...##.### #
#..# ####...##.# # ##.
###..######..###.# #
....#................#
#
#....##.######..#######
#......# #....(.... .
##..##@## #..#######
#?.#. ##Y# #..# ##
#.....##.r### #..# #.
............# #..# #.
........##..#
#..######. ..._...##
#..# #......... .......
..# ####.###.. .......
..# #...... #..r..# .#
#####..


You could see a sky beast (invisible) and a quokka.

Vanquished Creatures
  Natasha (D:2)
  A dart slug (D:1)
  6 bats (D:1)
  3 giant cockroaches (D:1)
  4 goblins
  4 hobgoblins (D:1)
  A ball python (D:2)
  2 frilled lizards (D:1)
  4 kobolds
  8 rats
34 creatures vanquished.

Notes
Turn   | Place    | Note
-------+----------+-------------------------------------------
     0 | D:1      | McIrco the Vampire Enchanter began the quest for the Orb.
     0 | D:1      | Reached XP level 1. HP: 13/13 MP: 3/3
   103 | D:1      | Reached XP level 2. HP: 19/19 MP: 5/5
   120 | D:1      | Learned a level 2 spell: Ensorcelled Hibernation
   670 | D:1      | Reached XP level 3. HP: 11/24 MP: 3/6
  1034 | D:2      | Noticed Natasha
  1039 | D:2      | Killed Natasha
  1360 | D:2      | Found a sparkling altar of Nemelex Xobeh.
  1562 | D:2      | Found a shadowy altar of Dithmenos.
  1564 | D:2      | Noticed a sky beast
  1589 | D:2      | Slain by a sky beast

Skill      XL: |  1  2  3 |
---------------+----------+-----
Dodging        | 3 4 |  4.6
Short Blades   | |  1.1
Stealth        | |  4.4
Spellcasting   | |  2.0
Hexes          | |  4.4

Action                   || total
-------------------------++-------
Melee: Dagger            ||    95
       Bite              ||     5
 Cast: Ensorcelled Hiber ||     9
 Stab: Sleeping          ||    19
Armor: Robe              ||    20
Dodge: Dodged            ||    68
